AoeStats
← Ndrangheta

Four Lakes

509473429Analyzed
1v1 RM · 6d ago on Sep 26, 2026· 36m 35s· 2 players
Game mode
Random Map
Map size
Tiny (2 player)
Population
200
Speed
Normal
Resources
Standard
Victory
Conquest
Starting age
Dark Age
Ending age
Imperial Age
RankedLock teamsTeams togetherTeam positionsShared explorationLock speedFull tech treeHidden civsTurbo modeCheats
Victory
Defeat
🇦🇷 Cumans · Argentina
1445
+16
🇦🇷 Varangians · Argentina
1452
-16
Rheinwg
9:16 Feudal Age
10:01 Double-Bit Axe
10:10 Loom
22:26 Castle Age
22:06 Bloodlines
22:07 Horse Collar
22:40 Scale Barding Armor
26:50 Heavy Plow
32:17 Chain Barding Armor
33:33 Forging
34:22 Wheelbarrow
33:32 Town Watch
34:10 Bow Saw
36:57 Gold Mining
Ndrangheta
6:50 Loom
9:47 Feudal Age
10:15 Double-Bit Axe
18:31 Castle Age
19:30 Fletching
23:44 Bow Saw
24:21 Medium Warships
29:06 Scale Mail Armor
29:26 Squires
32:29 Pikeman
34:51 Bodkin Arrow
Connection lost

Rejoining the realm…

Still unreachable

The connection could not be restored.

Session expired

The server has moved on; the page needs a fresh start.